 Dungeon Crawl Stone Soup version 0.29-a0-187-ga23d9638d5 (webtiles) character file.

Game seed: 1796527713195220065

30 Rennog the Skirmisher (level 3, -9/42 HPs)
             Began as an Ogre Fighter on Feb 21, 2022.
             Killed by divine providence
             ... invoked by an orc priest
              (14 damage)
             ... on level 2 of the Dungeon.
             The game lasted 00:01:07 (969 turns).

Rennog the Skirmisher (Ogre Fighter)                 Turns: 969, Time: 00:01:08

Health: -9/42      AC:  3    Str: 20    XL:     3   Next: 18%
Magic:  3/3        EV:  8    Int:  9    God:
Gold:   33         SH:  7    Dex: 10    Spells: 2/2 levels left

rFire   . . .      SeeInvis .   a - +0 flail
rCold   . . .      Faith    .   c - +0 kite shield
rNeg    . . .      Spirit   .   b - +0 robe
rPois   .          Reflect  .   (helmet restricted)
rElec   .          Harm     .   (no cloak)
rCorr   .          Rampage  .   (gloves unavailable)
Will    .....                   (boots unavailable)
Stlth   +.........              (no amulet)
HPRegen 0.14/turn               (no ring)
MPRegen 0.08/turn               (no ring)

@: no status effects
A: large, unfitting armour, tough skin 1
a: no special abilities


You were on level 2 of the Dungeon.
You visited 1 branch of the dungeon, and saw 2 of its levels.

You collected 33 gold pieces.

Inventory:

Hand Weapons
 a - a +0 flail (weapon)
Armour
 b - a +0 robe (worn)
 c - a +0 kite shield (worn)
Scrolls
 e - a scroll of vulnerability {unknown}
 h - a scroll of identify {unknown}
 i - a scroll of enchant armour {unknown}
Potions
 d - a potion of might
 f - a potion of lignification {unknown}
 g - a potion of brilliance {unknown}


   Skills:
 + Level 5.6 Fighting
 - Level 1.7 Maces & Flails
 - Level 2.6 Dodging
 - Level 2.6 Shields


You had 2 spell levels left.
You didn't know any spells.
Your spell library contained the following spells:

 Spells                   Type           Power      Damage    Failure   Level
 Ensorcelled Hibernation  Hex/Ice        0%         N/A       83%         2
 Spider Form              Tmut/Pois      0%         N/A       96%         3
 Anguish                  Hex/Necr       0%         N/A       100%        4


Dungeon Overview and Level Annotations

Branches:
Dungeon (2/15)

Altars:


Innate Abilities, Weirdness & Mutations

You are too large for most types of armour.
You have tough skin. (AC +1)


Message History

An orc comes into view.
It is wielding a +0 hand axe of freezing.
The adder bites you.
You are poisoned.
The adder poisons you!
You closely miss the adder.
You feel sick. The adder bites you but does no damage.
You block the adder's attack.
You sock the orc priest!
The orc priest is severely wounded.
You feel sick. The adder bites you but does no damage.
The orc priest calls down the wrath of Beogh upon you.
Beogh smites you! The adder closely misses you.
You feel sick.
You feel sick.
You are no longer poisoned.
The adder barely misses you.
You miss the adder. The adder completely misses you.
You completely miss the adder. The adder bites you.
The adder barely misses you.
You miss the adder. You block the adder's attack. The adder barely misses you.
You closely miss the adder. The adder barely misses you.
The adder completely misses you.
You thump the adder!
You kill the adder!
You have reached level 3!
Your experience leads to an increase in your attributes!
Increase (S)trength, (I)ntelligence, or (D)exterity?
You feel agile. x2; You feel stronger.
You hit the orc.
The orc is severely wounded.
You hit the orc but do no damage. The orc completely misses you.
The orc hits you with a +0 hand axe of freezing.
The orc freezes you. The orc hits you with a +0 falchion.
* * * LOW HITPOINT WARNING * * *
The orc hits you with a +0 hand axe of freezing.
* * * LOW HITPOINT WARNING * * *
The orc freezes you.
* * * LOW HITPOINT WARNING * * *
The orc priest mumbles some strange prayers to Beogh against you.
Beogh smites you!
You die...

#.# #.# ..#.# #
# #.#######
#.#.# #
#.......# ...#
#
#######.#######
#..# #
#.......# #o.#
# #.......#
#.$# #.......#
#..#
#.###########.#
#...@.oo..oo.>#
#############.#
#... ###.# .# .
. .#


You could see an orc priest and 3 orcs.

Vanquished Creatures
  An adder (D:2)
  2 endoplasms (D:1)
  A giant cockroach (D:2)
  A goblin (D:1)
  A hobgoblin (D:1)
  3 quokkas (D:1)
  4 ball pythons
  3 bats (D:1)
  A frilled lizard (D:1)
  2 kobolds (D:1)
  3 rats (D:1)
22 creatures vanquished.

Notes
Turn   | Place    | Note
-------+----------+-------------------------------------------
     0 | D:1      | Rennog the Ogre Fighter began the quest for the Orb.
     0 | D:1      | Reached XP level 1. HP: 24/24 MP: 1/1
   143 | D:1      | Reached XP level 2. HP: 30/33 MP: 2/2
   366 | D:1      | Reached skill level 5 in Fighting
   960 | D:2      | Reached XP level 3. HP: 18/42 MP: 3/3
   969 | D:2      | Killed from afar by an orc priest

Illustrated notes

Levels and vault maps discovered:
D:1:      minmay_arrival_four_circles, layout_loops_ring
D:2:      layout_basic, basic_altar, uniq_terence

Skill      XL: |  1  2 |
---------------+-------+-----
Fighting       | 5 |  5.6
Maces & Flails | |  1.7
Dodging        | |  2.6
Shields        | |  2.6

Action                   || total
-------------------------++-------
Melee: Flail             ||    62
Armor: Robe              ||    15
Dodge: Dodged            ||    27
Block: Kite shield       ||    27

Table legend: (Time is in decaauts)
 A = Elapsed time spent in this place.
 B = Non-inter-level travel time spent in this place.
 C = Inter-level travel time spent in this place.
 D = Time resting spent in this place.
 E = Time spent auto-exploring this place.
 F = Levels seen in this place.
 G = Mean time per level.
                   A        B        C        D        E       F      G
               +--------+--------+--------+--------+--------+-----+--------+
         Total |    996 |    987 |      9 |      0 |    813 |   2 |  498.0 |
       Dungeon |    996 |    987 |      9 |      0 |    813 |   2 |  498.0 |
               +--------+--------+--------+--------+--------+-----+--------+

Top non-repeatable levels by time:
     D:1: 908 daAuts
     D:2: 88 daAuts
